 Dungeon Crawl Stone Soup version 0.26-a0-712-ga5a9c9c9d0 (webtiles) character file.

Game seed: 12472788431492532252

47 Inarius the Skirmisher (level 3, 0/33 HPs)
             Began as a Draconian Chaos Knight on Nov 1, 2020.
             Was a Plaything of Xom.
             Killed from afar by a shock serpent (glowing shapeshifter) (28 damage)
             ... with a bolt of electricity
             ... on level 2 of the Dungeon.
             The game lasted 00:01:03 (1034 turns).

Inarius the Skirmisher (Draconian Chaos Knight)     Turns: 1034, Time: 00:01:06

Health: 0/33       AC:  6    Str: 15    XL:     3   Next: 48%
Magic:  3/3        EV: 12    Int: 12    God:    Xom [..*...]
Gold:   67         SH:  0    Dex: 10    Spells: 2/2 levels left

rFire    . . .     SeeInvis .   a - +0 hand axe (chaos)
rCold    . . .     Faith    .   (no shield)
rNeg     . . .     Spirit   .   (armour unavailable)
rPois    .         Reflect  .   (helmet restricted)
rElec    .         Harm     .   d - +0 cloak
rCorr    .         Rampage  .   (no gloves)
MR       .....                  (no boots)
Stlth    +.........             (no amulet)
HPRegen  0.11/turn              (no ring)
MPRegen  0.08/turn              (no ring)

@: no status effects
A: unfitting armour, cold-blooded, AC +5
a: Renounce Religion


You were on level 2 of the Dungeon.
You worshipped Xom.
You were a toy of Xom.
You visited 1 branch of the dungeon, and saw 2 of its levels.

You collected 67 gold pieces.

Inventory:

Hand Weapons
 a - a +0 hand axe of chaos (weapon)
Armour
 d - a +0 cloak (worn)
Jewellery
 f - a +6 ring of dexterity {unknown}
Scrolls
 c - 2 scrolls of identify {unknown}
 e - a scroll of magic mapping {unknown}
 g - a scroll of teleportation {unknown}
 j - a scroll of amnesia {unknown}
Potions
 b - a potion of flight {unknown}
 h - a potion of lignification {unknown}
 i - a potion of curing {unknown}


   Skills:
 + Level 4.0 Fighting
 + Level 3.8 Axes
 + Level 2.4 Dodging


You had 2 spell levels left.
You didn't know any spells.
Your spell library was empty.

Dungeon Overview and Level Annotations

Branches:
Dungeon (2/15)

Altars:


Innate Abilities, Weirdness & Mutations

Your plain brown scales are hard. (AC +5)
You cannot fit into any form of body armour.
You are cold-blooded and may be slowed by cold attacks.


Message History

You see here a spear.
A bat comes into view.
The bat hits you but does no damage. The bat closely misses you.
The bat closely misses you. The bat barely misses you.
You hit the bat but do no damage.
The bat changes into a glowing shapeshifter!
Xom thinks this is hilarious!
The glowing shapeshifter changes into a shock serpent!
You barely miss the shock serpent. The shock serpent barely misses you.
You hit the shock serpent. You burn the shock serpent.
The shock serpent is lightly wounded.
The shock serpent's electric aura discharges, shocking you!
The shock serpent bites you but does no damage.
The shock serpent shoots out a bolt of lightning at you!
The bolt of electricity hits you!!
Ouch! That really hurt!
You die...
Xom thinks this is hilarious!

# . # #### #.#
#####... #.#
#.......
#####.#.#
#.###.## #....#
#.####.# #.#
#.S@## ##.)...#
#.#
###....###.######
#.#
#.........#.##
####.##
######.###.##
#.....# #. ###
#.###.# #. #.#
#.. #. #.###.# #.
#.....# #.
#.#.###


You could see a shock serpent shaped shifter.

Vanquished Creatures
  A worm (D:2)
  A dart slug (D:1)
  2 giant cockroaches (D:1)
  6 goblins
  6 hobgoblins
  2 jackals (D:2)
  A quokka (D:2)
  8 bats
  A frilled lizard (D:1)
  6 kobolds
  4 rats
38 creatures vanquished.

Notes
Turn   | Place    | Note
-------+----------+-------------------------------------------
     0 | D:1      | Inarius the Draconian Chaos Knight began the quest for the
                  | Orb.
     0 | D:1      | Reached XP level 1. HP: 19/19 MP: 1/1
   180 | D:1      | Reached XP level 2. HP: 26/26 MP: 2/2
   236 | D:1      | XOM: divination: magic mapping
   299 | D:1      | XOM: silly message
   345 | D:1      | XOM: smoke on damage
   406 | D:1      | XOM: silly message
   521 | D:1      | Reached XP level 3. HP: 33/33 MP: 3/3
   950 | D:2      | Reached skill level 4 in Fighting
  1032 | D:2      | Noticed a glowing shapeshifter
  1032 | D:2      | a bat changed into a glowing shapeshifter
  1032 | D:2      | Noticed a shock serpent
  1032 | D:2      | a glowing shapeshifter changed into a shock serpent
  1034 | D:2      | Killed from afar by a shock serpent (glowing shapeshifter)

Illustrated notes

Levels and vault maps discovered:
D:1:      psy_arrival_whirlpool, layout_loops_ring, minmay_misc_feat_columns
D:2:      layout_loops_ring, minmay_snake_closets

Skill      XL: |  1  2  3 |
---------------+----------+-----
Fighting       | 4 |  4.0
Axes           | |  3.8
Dodging        | |  2.4

Action                   || total
-------------------------++-------
Melee: Hand axe          ||    91
       Tailslap          ||     3
Armor: Skin              ||    33
Dodge: Dodged            ||    67

Table legend: (Time is in decaauts)
 A = Elapsed time spent in this place.
 B = Non-inter-level travel time spent in this place.
 C = Inter-level travel time spent in this place.
 D = Time resting spent in this place.
 E = Time spent auto-exploring this place.
 F = Levels seen in this place.
 G = Mean time per level.
                   A        B        C        D        E       F      G
               +--------+--------+--------+--------+--------+-----+--------+
         Total |   1047 |   1004 |     43 |      0 |    784 |   2 |  523.5 |
       Dungeon |   1047 |   1004 |     43 |      0 |    784 |   2 |  523.5 |
               +--------+--------+--------+--------+--------+-----+--------+

Top non-repeatable levels by time:
     D:1: 821 daAuts
     D:2: 226 daAuts
